 Dungeon Crawl Stone Soup version 0.26.0-16-gc1dbca0489 (webtiles) character file.

Game seed: 16180459163609507486

558 thiole the Sneak (level 7, 0/41 HPs)
             Began as an Octopode Hedge Wizard on Jan 20, 2021.
             Slain by Grinder (5 damage)
             ... while paralysed by Grinder
             ... on level 5 of the Dungeon.
             The game lasted 00:13:00 (6911 turns).

thiole the Sneak (Octopode Hedge Wizard)            Turns: 6911, Time: 00:13:01

Health: 0/41       AC:  1    Str: 10    XL:     7   Next: 31%
Magic:  15/15      EV:  2    Int: 18    God:
Gold:   223        SH:  0    Dex: 11    Spells: 11/17 levels left

rFire    . . .     SeeInvis .   c - +0 dagger (drain)
rCold    . . .     Faith    .   (no shield)
rNeg     . . .     Spirit   .   b - +0 hat
rPois    .         Reflect  .   m - amulet of magic regeneration
rElec    .         Harm     .   (no ring)
rCorr    .         Rampage  .   (no ring)
Will     .....                  (no ring)
Stlth    ++++......             (no ring)
HPRegen  0.13/turn              (no ring)
MPRegen  0.39/turn              (no ring)
                                (no ring)
                                (no ring)

@: paralysed
A: almost no armour, stealthy swim, amphibious, 8 rings, constrict 8, camouflage
1, gelatinous body 1
a: no special abilities


You were on level 5 of the Dungeon.
You visited 1 branch of the dungeon, and saw 5 of its levels.
You also visited: Sewer and Ossuary.

You collected 223 gold pieces.

Inventory:

Hand Weapons
 a - a +0 dagger
 c - a +0 dagger of draining (weapon)
 p - a +3 quarterstaff of speed
Armour
 b - a +0 hat (worn)
Jewellery
 j - an uncursed ring of protection from fire
 m - an amulet of magic regeneration (around mantle)
Scrolls
 e - 3 scrolls of enchant armour {unknown}
 g - 2 scrolls of remove curse {unknown}
 h - 3 scrolls of immolation {unknown}
 i - a scroll of noise {unknown}
 n - a scroll of summoning {unknown}
 o - a scroll of random uselessness
 r - 2 scrolls of blinking
 s - a scroll of enchant weapon
 v - 2 scrolls of magic mapping {unknown}
 x - a scroll of teleportation {unknown}
 y - 2 scrolls of identify
Potions
 d - a potion of flight {unknown}
 f - a potion of berserk rage {unknown}
 k - 4 potions of curing
 l - a potion of lignification {unknown}
 q - 2 potions of magic {unknown}
 t - 2 potions of brilliance {unknown}
 u - a potion of degeneration {unknown}
 w - a potion of ambrosia {unknown}


   Skills:
 - Level 2.0 Dodging
 + Level 7.5 Stealth
 + Level 5.5 Spellcasting
 - Level 2.0 Conjurations
 - Level 2.0 Summonings
 - Level 1.0 Translocations


You had 11 spell levels left.
You knew the following spells:

 Your Spells              Type           Power        Failure   Level
a - Magic Dart            Conj           48%          5%          1
b - Call Imp              Summ           12%          9%          2
c - Mephitic Cloud        Conj/Pois/Air  7%           28%         3

Your spell library contained the following spells:

 Spells                   Type           Power        Failure   Level
 Blink                    Tloc           N/A          13%         2
 Slow                     Hex            4%           19%         2
 Conjure Flame            Conj/Fire      8%           26%         3


Dungeon Overview and Level Annotations

Branches:
Dungeon (5/15)              Sewer (visited)         Ossuary (visited)
 Temple: D:4-7

Altars:
Dithmenos
Hepliaklqana
Qazlal
Ru
Wu Jian
Zin

Shops:
D:4 ?([*:

Annotations:
D:5 Grinder


Innate Abilities, Weirdness & Mutations

You cannot wear most types of armour.
You are very stealthy in the water. (Stealth+)
You are amphibious.
You can wear up to eight rings at the same time.
You can use your tentacles to constrict eight enemies at once.
Your skin changes colour to match your surroundings (Stealth+).
Your rubbery body absorbs attacks. (AC +1, EV +1)


Message History

There is a stone staircase leading down here.
HP restored.
Done exploring.
You climb downwards.
Level annotation: Grinder Grinder gestures at you.
Pain shoots through your body!
Found a scroll labelled SOURPH WANEGA.
Found a stone staircase leading down.
There is a stone staircase leading up here.
Grinder gestures at you.
You suddenly lose the ability to move!
Grinder hits you!
You writhe in agony.
Grinder gestures at you. You resist with significant effort. Grinder hits you!
* * * LOW HITPOINT WARNING * * *
You writhe in agony.
* * * LOW HITPOINT WARNING * * *
Grinder hits you.
You die...

#########
###@......#
#..5....#.#
#.......#
>........#
#.#?#.....#
#.#.#.###.#
# #
#.#.#...#
.#
..#.#.###
#### .#
##.#.###
#.. ..#


You could see Grinder.

Vanquished Creatures
  Menkaure (Ossuary)
  A bullfrog (Sewer)
  2 orc wizards
  An iguana (D:4)
  3 mummies (Ossuary)
  9 adders
  An ufetubus (D:5)
  4 oozes (Sewer)
  2 worms
  3 dart slugs
  13 leopard geckos
  5 orcs
  12 ball pythons
  10 bats
  18 giant cockroaches
  4 gnoll zombies (Ossuary)
  5 goblins
  8 hobgoblins
  17 frilled lizards
  3 gnoll skeletons (Ossuary)
  5 goblin skeletons (Ossuary)
  2 goblin zombies (Ossuary)
  7 hobgoblin skeletons (Ossuary)
  4 hobgoblin zombies (Ossuary)
  6 kobolds
  2 kobold skeletons (Ossuary)
  4 kobold zombies (Ossuary)
  5 orc skeletons (Ossuary)
  3 orc zombies (Ossuary)
  5 rats
  3 rat skeletons (Ossuary)
  2 rat zombies (Ossuary)
170 creatures vanquished.

Vanquished Creatures (collateral kills)
  A hobgoblin zombie (Ossuary)
  2 kobold zombies (Ossuary)
3 creatures vanquished.

Vanquished Creatures (others)
  A gnoll zombie (Ossuary)
  A hobgoblin zombie (Ossuary)
  An orc zombie (Ossuary)
3 creatures vanquished.

Grand Total: 176 creatures vanquished

Notes
Turn   | Place    | Note
-------+----------+-------------------------------------------
     0 | D:1      | thiole the Octopode Hedge Wizard began the quest for the
                  | Orb.
     0 | D:1      | Reached XP level 1. HP: 11/11 MP: 4/4
   137 | D:1      | Reached XP level 2. HP: 17/17 MP: 3/6
   424 | D:1      | Reached skill level 3 in Stealth
   628 | D:1      | Reached XP level 3. HP: 21/21 MP: 4/7
  1469 | D:2      | Reached XP level 4. HP: 27/27 MP: 2/9
  1555 | D:2      | Found a sacrificial altar of Ru.
  1944 | D:2      | Reached skill level 4 in Stealth
  2991 | D:3      | Found a faded altar of an unknown god.
  3096 | D:3      | Reached XP level 5. HP: 10/31 MP: 1/11
  3438 | D:4      | Found Ohail's Antique Weapon Emporium.
  3453 | D:4      | Reached skill level 5 in Stealth
  3562 | D:4      | Found Becsot's Bounteous Boutique.
  3597 | D:4      | Found a glowing drain.
  3615 | Sewer    | Entered a sewer
  4483 | Sewer    | Reached XP level 6. HP: 36/36 MP: 8/12
  4700 | Sewer    | Reached skill level 6 in Stealth
  4804 | D:4      | Found Zecaen's Book Shoppe.
  4833 | D:4      | Found Ophipn's Antique Armour Boutique.
  5028 | D:4      | Found Hoackeetz's Magic Scroll Shoppe.
  5079 | D:4      | Reached skill level 5 in Spellcasting
  5149 | D:4      | Found a hazy altar of Hepliaklqana.
  5149 | D:4      | Found an ornate altar of the Wu Jian Council.
  5154 | D:4      | Found a shadowy altar of Dithmenos.
  5156 | D:4      | Found a stormy altar of Qazlal.
  5158 | D:4      | Found a glowing silver altar of Zin.
  5401 | D:5      | Entered Level 5 of the Dungeon
  5401 | D:5      | Found a sand-covered staircase.
  5408 | Ossuary  | Entered an ossuary
  5422 | Ossuary  | Learned a level 2 spell: Call Imp
  5426 | Ossuary  | Learned a level 3 spell: Mephitic Cloud
  6204 | Ossuary  | Reached skill level 7 in Stealth
  6204 | Ossuary  | Reached XP level 7. HP: 24/41 MP: 8/14
  6260 | Ossuary  | Noticed Menkaure
  6287 | Ossuary  | Killed Menkaure
  6662 | D:5      | Noticed Grinder
  6906 | D:5      | Paralysed by Grinder for 7 turns
  6911 | D:5      | Slain by Grinder

Illustrated notes

Levels and vault maps discovered:
D:1:      minmay_arrival_stair_chambers, layout_rooms, minmay_misc_feat_rows,
          minmay_quantized
D:2:      layout_basic, nicolae_ru_sacrificial_ziggurat
D:3:      layout_basic, chequers_ecumenical_altar_twisty
D:4:      layout_rooms, chequers_temple_overflow_minitemple, serial_shops, shop,
          nicolae_shop_crystal, shop, shop, gup_sewer_entry_pipe,
          serial_bayou_ford_a, nicolae_alphabet_shops, hangedman_decor_points,
          minmay_misc_feat_doors
D:5:      layout_basic, nicolae_ossuary_entry_monument, uniq_grinder,
          uniq_crazy_yiuf_cottage

Skill      XL: |  1  2  3  4  5  6 |
---------------+-------------------+-----
Stealth        | 3 4 5 7 |  7.5
Conjurations   | 2 |  2.0
Summonings     | 2 |  2.0
Spellcasting   | 4 5 |  5.5
Dodging        | |  2.0
Translocations | |  1.0

Action                   |  1- 3 |  4- 6 |  7- 9 || total
-------------------------+-------+-------+-------++-------
Melee: Dagger            |    32 |    94 |    27 ||   153
       Constrict         |    10 |    28 |     5 ||    43
       Tentacles         |     6 |    17 |     5 ||    28
 Cast: Magic Dart        |    69 |   305 |    12 ||   386
       Call Imp          |       |       |    16 ||    16
  Use: Scroll            |       |     9 |       ||     9
       Potion            |       |       |     3 ||     3
 Stab: Sleeping          |       |     3 |       ||     3
Armor: Skin              |     7 |     6 |     2 ||    15
Dodge: Dodged            |    21 |    39 |    16 ||    76
